 Dungeon Crawl Stone Soup version bcrawl-1.21.3 (webtiles) character file.

Game seed: 16306500829153387093

4943 funkygono the Thaumaturge (level 10, 0/56 HPs)
             Began as a Skeleton Necromancer on Apr 2, 2020.
             Was a Believer of Yredelemnul.
             Slain by a hippogriff (2 damage)
             ... on level 1 of the Lair of Beasts on Apr 4, 2020.
             The game lasted 00:28:19 (9895 turns).

funkygono the Thaumaturge (Skeleton Necromancer)    Turns: 9895, Time: 00:28:20

Health: 0/56       AC:  8    Str: 15    XL:     10   Next: 28%
Magic:  0/25       EV: 13    Int: 17    God:    Yredelemnul [**....]
Gold:   602        SH:  4    Dex:  9    Spells: 12/31 levels left

rFire    + + .     SeeInvis .   f - +4 whip (elec)
rCold    + . .     Gourm    .   (no shield)
rNeg     + + +     Faith    .   n - +2 leather armour of Midnight {rF+}
rPois    ∞         Spirit   +   (no helmet)
rElec    .         Reflect  +   (no cloak)
rCorr    .         Harm     .   e - +2 pair of gloves
MR       +....                  (no boots)
Stlth    +++++.....             s - +4 amulet of reflection
HPRegen  0.18/turn              m - ring of protection from fire
MPRegen  0.19/turn              o - ring of stealth

@: very slightly contaminated
A: no food or potions, cold resistance 1, deterioration 1, negative energy
resistance 3, powered by death 1, torment resistance, unbreathing, magic shield,
sturdy frame 2, spell healing
a: Animate Remains, Recall Undead Slaves, Injury Mirror, Renounce Religion


You were on level 1 of the Lair of Beasts.
You worshipped Yredelemnul.
Yredelemnul was pleased with you.
You were not hungry.

You visited 3 branches of the dungeon, and saw 10 of its levels.

You collected 602 gold pieces.

Inventory:

Hand Weapons
 a - a +1 dagger
 f - a +4 whip of electrocution (weapon)
Missiles
 c - 2 throwing nets (quivered) {!f}
 d - 963 stones
 g - 452 bolts
Armour
 b - a +0 robe
 e - a +2 pair of gloves (worn)
 i - a +2 leather armour
 n - the +2 leather armour of Midnight (worn) {rF+}
   (You found it on level 6 of the Dungeon)

   It protects you from fire.
Jewellery
 m - a ring of protection from fire (left hand)
 o - a ring of stealth (right hand)
 q - an uncursed amulet of regeneration
 s - a +4 amulet of reflection (around neck)
Wands
 p - a wand of acid (4)
 t - a wand of random effects (10)
 u - a wand of iceblast (8)
Scrolls
 h - 2 scrolls of immolation
 j - 7 scrolls of teleportation
 k - a scroll of identify
 l - 3 scrolls of remove curse
 r - a scroll of blinking
 v - a scroll of vulnerability


   Skills:
 + Level 3.5 Fighting
 + Level 2.3 Short Blades
 + Level 6.1 Maces & Flails
 + Level 4.0 Dodging
 + Level 4.9 Stealth
 + Level 11.1 Spellcasting
 + Level 5.1 Conjurations
 + Level 0.3 Charms
 + Level 10.0 Necromancy
 + Level 0.2 Ice Magic


You had 12 spell levels left.
You knew the following spells:

 Your Spells              Type           Power        Failure   Level  Hunger
a - Animate Skeleton      Necr           N/A          1%          1    N/A
b - Pain                  Necr           #####.       1%          1    N/A
c - Vampiric Draining     Necr           #####.....   1%          3    N/A
d - Animate Dead          Necr           N/A          1%          4    N/A
e - Bolt of Draining      Conj/Necr      #####.....   10%         5    N/A
f - Throw Frost           Conj/Ice       ###...       1%          2    N/A
g - Ozocubu's Armour      Chrm/Ice       ##......     21%         3    N/A

Your spell library contained the following spells:

 Spells                   Type           Power        Failure   Level  Hunger
 Freeze                   Ice            ##....       7%          1    N/A
 Corona                   Hex            #......      8%          1    N/A
 Dazzling Spray           Conj/Hex       ###...       8%          3    N/A
 Ensorcelled Hibernation  Hex/Ice        #.....       11%         2    N/A
 Confuse                  Hex            #.......     22%         3    N/A
 Tukima's Dance           Hex            #.......     22%         3    N/A
 Throw Icicle             Conj/Ice       ###.....     24%         4    N/A
 Summon Ice Beast         Ice/Summ       #.......     56%         4    N/A
 Regeneration             Chrm/Necr      Unusable     N/A         3    N/A

Dungeon Overview and Level Annotations

Branches:
Dungeon (8/12)             Temple (1/1) D:4            Lair (1/6) D:7
    Orc (0/1) D:8

Altars:
Ashenzari
Cheibriados
Dithmenos
Elyvilon
Fedhas
Gozag
Hepliaklqana
Kikubaaqudgha
Lugonu
Makhleb
Nemelex Xobeh
Okawaru
Qazlal
Ru
Sif Muna
Trog
Uskayaw
Vehumet
Wu Jian
Xom
Yredelemnul
Zin
The Shining One

Annotations:
D:6 2 transporters, dhn100's ghost, novice MiFi


Innate Abilities, Weirdness & Mutations

You do not eat or drink.
You are immune to poison.
Your flesh is cold resistant. (rC+)
Your body sometimes deteriorates upon taking damage.
You are immune to negative energy. (rN+++)
You regenerate a little health from kills.
You are immune to unholy pain and torment.
You can survive without breathing.
When hurt, damage is shared between your health and your magic reserves.
Your movements are less encumbered by armour. (ER -4)
Casting spells heals you.


Message History

* * * LOW HITPOINT WARNING * * *
The hippogriff pecks you but does no damage.
The hippogriff claws you!
* * * LOW HITPOINT WARNING * * *
Found 13 gold pieces.
There is an escape hatch in the floor here.
You see here a hydra corpse.
Casting: Bolt of Draining (slightly dangerous; 10% risk of failure)
Confirm with . or Enter, or press ? or * to list all spells.
You don't have enough magic to cast that spell.
Casting: Bolt of Draining (slightly dangerous; 10% risk of failure)
Confirm with . or Enter, or press ? or * to list all spells.
There is nothing here that can be animated!
You attempt to give life to the dead...
There are no remains here to animate!
You completely miss the plant.
You fail to use your ability.
The hippogriff bites you!
* * * LOW HITPOINT WARNING * * *
The hippogriff pecks you.
You die...
Yredelemnul claims you as an undead slave.

...... .. #..#.#
.## ..
#....##.P##.#
#.....#.##...
.######..#........
..................
.$................
######.#PH.####.
#..#.@<.# .#
##.##...#....
#†##.......#
#.>........#
#.#....#####
......### #.######
#. #


You could see a hippogriff.

Vanquished Creatures
  A hydra (Lair:1)
  A two-headed ogre (D:8)
  Maurice (D:8)
  3 hippogriffs
  Sigmund (D:4)
  A hungry ghost (D:5)
  4 ice beasts
  A phantom (D:6)
  4 ogres
  3 centaurs
  2 bullfrogs
  A killer bee (D:8)
  A howler monkey (D:4)
  3 crimson imps
  A bullfrog zombie (D:7)
  2 quasits
  A jelly (D:8)
  4 orc priests
  3 hounds
  4 orc wizards
  2 bullfrog skeletons
  An iguana (D:4)
  Natasha (thrice) (D:3)
  4 worker ants
  A hound zombie (D:6)
  A hound skeleton (D:5)
  A howler monkey skeleton (D:6)
  6 adders
  A shadow imp (D:4)
  2 adder zombies
  3 worms
  2 dart slugs
  3 leopard geckos
  21 orcs
  A bat (D:2)
  A giant cockroach (D:2)
  9 goblins
  11 hobgoblins
  11 jackals
  12 kobolds
  6 quokkas
  5 frilled lizards
  4 rats
153 creatures vanquished.

Vanquished Creatures (collateral kills)
  4 wargs (D:8)
  A necrophage (D:5)
  A big kobold (D:7)
  2 killer bees (D:8)
  A worker ant (D:8)
  An adder (D:5)
  5 orcs
  A giant cockroach (D:4)
  A goblin (D:2)
  A jackal (D:7)
  2 bats (D:2)
  A kobold (D:7)
21 creatures vanquished.

Vanquished Creatures (others)
  5 dream sheep (D:7)
  2 flying skulls
  A fungus (Lair:1)
8 creatures vanquished.

Grand Total: 182 creatures vanquished

Notes
Turn   | Place    | Note
-------+----------+-------------------------------------------
     0 | D:1      | funkygono the Skeleton Necromancer began the quest for the
                  | Orb.
     0 | D:1      | Reached XP level 1. HP: 10/10 MP: 4/4
    66 | D:1      | Reached skill level 1 in Short Blades
   379 | D:1      | Reached XP level 2. HP: 10/15 MP: 4/6
   456 | D:1      | Found a shattered altar of Ashenzari.
  1264 | D:2      | Reached XP level 3. HP: 19/19 MP: 2/7
  1270 | D:2      | Learned a level 3 spell: Vampiric Draining
  1602 | D:2      | Found a stormy altar of Qazlal.
  1710 | D:2      | Reached XP level 4. HP: 19/24 MP: 1/9
  1951 | D:2      | Found a shimmering blue altar of Sif Muna.
  2009 | D:3      | Reached skill level 1 in Maces & Flails
  2009 | D:3      | Reached skill level 5 in Necromancy
  2200 | D:3      | Found an opulent altar of Gozag.
  2446 | D:3      | Found a sparkling altar of Nemelex Xobeh.
  2482 | D:3      | Reached skill level 4 in Spellcasting
  2577 | D:3      | Noticed Natasha
  2583 | D:3      | Killed Natasha
  2583 | D:3      | Reached XP level 5. HP: 28/28 MP: 6/11
  2591 | D:3      | Noticed Natasha
  2595 | D:3      | Killed Natasha
  2796 | D:3      | Noticed Natasha
  2804 | D:3      | Killed Natasha
  3116 | D:3      | Learned a level 4 spell: Animate Dead
  3174 | D:4      | Noticed Sigmund
  3196 | D:4      | Killed Sigmund
  3196 | D:4      | Reached skill level 5 in Spellcasting
  3196 | D:4      | Gained mutation: You regenerate a little health from kills.
                  | [Skeleton growth]
  3196 | D:4      | Reached XP level 6. HP: 26/33 MP: 2/14
  3319 | D:4      | Found a staircase to the Ecumenical Temple.
  3332 | Temple   | Entered the Ecumenical Temple
  3365 | Temple   | Became a worshipper of Yredelemnul the Dark
  3607 | D:4      | Noticed a hippogriff
  3619 | D:4      | Killed a hippogriff
  3619 | D:4      | Reached skill level 6 in Spellcasting
  3619 | D:4      | Reached XP level 7. HP: 10/37 MP: 2/16
  3626 | D:4      | Learned a level 5 spell: Bolt of Draining
  3842 | D:4      | Reached skill level 1 in Fighting
  3974 | D:4      | Noticed a hippogriff
  3985 | D:4      | Killed a hippogriff
  3985 | D:4      | Reached skill level 7 in Spellcasting
  4001 | D:4      | Reached XP level 8. HP: 25/44 MP: 2/19
  4670 | D:4      | Reached skill level 8 in Spellcasting
  4999 | D:5      | Entered Level 5 of the Dungeon
  5003 | D:5      | Reached * piety under Yredelemnul
  5356 | D:5      | Reached skill level 1 in Conjurations
  5414 | D:5      | Found a radiant altar of Vehumet.
  6060 | D:5      | Reached skill level 9 in Spellcasting
  6325 | D:6      | Found a corrupted altar of Lugonu.
  6363 | D:6      | Reached XP level 9. HP: 32/49 MP: 16/22
  6495 | D:6      | Got a bloodstained leather armour
  6723 | D:6      | Found a transporter.
  6724 | D:6      | Noticed a two-headed ogre
  6724 | D:6      | Noticed dhn100's ghost (novice MiFi)
  6729 | D:6      | Found a transporter.
  6904 | D:6      | Found a shadowy altar of Dithmenos.
  6915 | D:6      | Reached skill level 5 in Maces & Flails
  7054 | D:6      | Found a bloodstained altar of Trog.
  7190 | D:6      | Found an iron altar of Okawaru.
  7243 | D:6      | Found a snail-covered altar of Cheibriados.
  7323 | D:6      | Identified the +2 leather armour of Midnight {rF+} (You
                  | found it on level 6 of the Dungeon)
  7597 | D:7      | Found a staircase to the Lair.
  7942 | D:7      | Found a hide-covered altar of Uskayaw.
  7981 | D:7      | Reached ** piety under Yredelemnul
  8617 | D:7      | Found an ornate altar of the Wu Jian Council.
  8618 | D:7      | Found a shadowy altar of Dithmenos.
  8724 | D:7      | Found a glowing silver altar of Zin.
  8797 | D:7      | Found a shimmering altar of Xom.
  8991 | D:8      | Reached skill level 10 in Spellcasting
  9164 | D:8      | Noticed Maurice
  9181 | D:8      | Killed Maurice
  9195 | D:8      | Reached skill level 5 in Conjurations
  9203 | D:8      | Found a staircase to the Orcish Mines.
  9216 | D:8      | Learned a level 2 spell: Throw Frost
  9220 | D:8      | Learned a level 3 spell: Ozocubu's Armour
  9366 | D:8      | Noticed a two-headed ogre
  9371 | D:8      | Killed a two-headed ogre
  9371 | D:8      | Gained mutation: Your movements are less encumbered by
                  | armour. (ER -4) [Skeleton growth]
  9371 | D:8      | Reached XP level 10. HP: 56/56 MP: 14/24
  9845 | Lair:1   | Entered Level 1 of the Lair of Beasts
  9845 | Lair:1   | Noticed a four-headed hydra
  9861 | Lair:1   | Killed a four-headed hydra
  9861 | Lair:1   | Reached skill level 11 in Spellcasting
  9861 | Lair:1   | Reached skill level 10 in Necromancy
  9895 | Lair:1   | HP: 2/56 [hippogriff (6)]
  9895 | Lair:1   | Slain by a hippogriff

Skill      XL: |  1  2  3  4  5  6  7  8  9 10 |
---------------+-------------------------------+-----
Short Blades   | 1 2 |  2.3
Maces & Flails | 2 3 4 6 |  6.1
Necromancy     | 5 6 7 8 9 10 | 10.0
Spellcasting   | 4 5 6 7 9 10 11 | 11.1
Stealth        | 3 4 |  4.9
Fighting       | 2 3 |  3.5
Dodging        | 3 4 |  4.0
Conjurations   | 2 5 |  5.1
Charms         | |  0.3
Ice Magic      | |  0.2

Action                   |  1- 3 |  4- 6 |  7- 9 | 10-12 || total
-------------------------+-------+-------+-------+-------++-------
Melee: Dagger            |    50 |       |       |       ||    50
       Whip              |    48 |    94 |   228 |    24 ||   394
 Cast: Pain              |    19 |    36 |   102 |     2 ||   159
       Animate Skeleton  |     8 |    17 |    11 |     1 ||    37
       Vampiric Draining |     2 |     7 |     2 |       ||    11
       Animate Dead      |       |     3 |    22 |       ||    25
       Bolt of Draining  |       |       |     5 |     2 ||     7
       Throw Frost       |       |       |     2 |     3 ||     5
       Ozocubu's Armour  |       |       |       |     1 ||     1
  Use: Scroll            |     3 |     6 |     6 |     1 ||    16
 Stab: Sleeping          |     4 |       |     4 |     1 ||     9
       Distracted        |     1 |       |     1 |       ||     2
Armor: Robe              |     8 |       |       |       ||     8
       Leather armour    |    31 |    37 |    77 |    18 ||   163
Dodge: Dodged            |    72 |    68 |   152 |    23 ||   315
Block: Other             |       |       |     6 |     5 ||    11
